[ AOE2 MATCH · #506208021 ]
UnrankedMongols vs Huns
Player's team · LOSS
Rival team · WIN
[ REPLAY ANALYSIS · EXTRACTED FROM THE RECORDED GAME ]
Feudal
—
Castle
—
Imperial
—
| APM avg | 67.4 |
| APM peak | 90 |
| eAPM avg | 16.7 |
| Villagers / military | 20 / 0 |
Focus
⚔️ 17.7% · 🌾 82.3%
Feudal
—
Castle
—
Imperial
—
| APM avg | 76.3 |
| APM peak | 112 |
| eAPM avg | 22.4 |
| Villagers / military | 28 / 0 |
Focus
⚔️ 29.4% · 🌾 70.6%
Match map
Initial resources + every placement click. Lines = walls · curves = elevation contours. ◆ gold · ⬟ stone · ● berries · ✦ relic · ◌ wall gap
Your base
_The_Oldergold's base
Smoothed initial terrain · ◌ = detected wall gap · hover for details
Inputs per minute
— Guthrie_Govan - - _The_Oldergold
Build order — Guthrie_Govan
35 actions detected in the replay
| 0:00 | Create | Villager (Male) |
| 0:00 | Create | Villager (Male) |
| 0:00 | Create | Villager (Male) |
| 0:01 | Create | Villager (Male) |
| 0:01 | Create | Villager (Male) |
| 0:04 | Build | House |
| 0:05 | Build | House |
| 1:09 | Create | Villager (Male) |
| 1:38 | Create | Villager (Male) |
| 2:01 | Create | Villager (Male) |
| 2:04 | Create | Villager (Male) |
| 2:17 | Build | Lumber Camp |
| 2:27 | Create | Villager (Male) |
| 2:27 | Create | Villager (Male) |
| 2:44 | Create | Villager (Male) |
| 3:01 | Build | House |
| 3:04 | Build | House |
| 3:59 | Create | Villager (Male) |
| 3:59 | Create | Villager (Male) |
| 4:05 | Create | Villager (Male) |
| 4:27 | Create | Villager (Male) |
| 4:28 | Create | Villager (Male) |
| 4:48 | Create | Villager (Male) |
| 5:09 | Create | Villager (Male) |
| 5:09 | Create | Villager (Male) |
| 5:16 | Build | Mill |
| 7:13 | Build | Town Center |
| 7:20 | Build | Palisade Wall |
| 7:21 | Build | Palisade Wall |
| 7:22 | Build | Palisade Wall |
| 7:24 | Build | Palisade Wall |
| 7:25 | Build | Palisade Wall |
| 7:27 | Build | Palisade Wall |
| 7:50 | Build | Palisade Wall |
| 7:58 | Build | Palisade Wall |
Build order — _The_Oldergold
34 actions detected in the replay
| 0:00 | Create | Villager (Male) |
| 0:05 | Create | Villager (Male) |
| 0:05 | Create | Villager (Male) |
| 0:11 | Create | Villager (Male) |
| 1:11 | Create | Villager (Male) |
| 1:12 | Create | Villager (Male) |
| 1:37 | Create | Villager (Male) |
| 1:37 | Create | Villager (Male) |
| 1:47 | Build | Lumber Camp |
| 2:34 | Create | Villager (Male) |
| 2:35 | Create | Villager (Male) |
| 2:35 | Create | Villager (Male) |
| 3:05 | Create | Villager (Male) |
| 3:05 | Create | Villager (Male) |
| 3:05 | Create | Villager (Male) |
| 3:26 | Create | Villager (Male) |
| 3:26 | Create | Villager (Male) |
| 4:35 | Create | Villager (Male) |
| 4:36 | Create | Villager (Male) |
| 4:42 | Create | Villager (Male) |
| 4:42 | Create | Villager (Male) |
| 5:17 | Create | Villager (Male) |
| 5:18 | Create | Villager (Male) |
| 5:18 | Create | Villager (Male) |
| 5:18 | Create | Villager (Male) |
| 5:24 | Build | Lumber Camp |
| 5:57 | Research | Loom |
| 6:01 | Create | Villager (Male) |
| 6:01 | Create | Villager (Male) |
| 6:03 | Build | Barracks |
| 6:37 | Create | Villager (Male) |
| 6:46 | Build | Mill |
| 7:23 | Research | Loom |
| 8:16 | Create | Villager (Male) |
Match timeline
| 6:03 | _The_Oldergold · first_building Barracks |
| 7:20 | Guthrie_Govan · wall_segment Palisade Wall x1 |
| 7:21 | Guthrie_Govan · wall_segment Palisade Wall x1 |
| 7:22 | Guthrie_Govan · wall_segment Palisade Wall x1 |
| 7:24 | Guthrie_Govan · wall_segment Palisade Wall x1 |
| 7:25 | Guthrie_Govan · wall_segment Palisade Wall x1 |
| 7:27 | Guthrie_Govan · wall_segment Palisade Wall x1 |
| 7:50 | Guthrie_Govan · wall_segment Palisade Wall x1 |
| 7:58 | Guthrie_Govan · wall_segment Palisade Wall x1 |
| 8:27 | Guthrie_Govan · resign |
[ AI ANALYSIS · 1 CREDIT ]
What really happened in this match?
Wolo.gg analyzes every decision: build order, eco, micro, common mistakes by bracket. Personalized analysis on WhatsApp or Discord in 30 seconds.
Civ guide
Mongols
Perfil
Jugador #4224302